Unix NetHack Version 5.0.0-0 post-release - last build Jun 10 2026 00:39:30 (3ee93aec679c4c4259841fe613dc97188e26a321,branch:main).

Game began 2026-06-27 01:50:20, ended 2026-06-27 02:23:38.

Felix1, neutral male gnomish Wizard

              -.e
              .@.
              .aa

                  @


                 h

Felix1 the Conjurer       St:13 Dx:11 Co:17 In:19 Wi:9 Ch:10  Neutral
Dlvl:5  $:72 HP:0(38) Pw:34(35) AC:9  Xp:4 T:2181 

Latest messages:
 The paper golem hits!
 You hit the paper golem.
 The paper golem hits!
 You hit the paper golem.
 The paper golem hits!
 You miss the paper golem.
 The paper golem hits!
 You hit the paper golem.
 The paper golem hits!
 You destroy the paper golem!
 D - an unlabeled scroll.
 E - an unlabeled scroll.
 o - an unlabeled scroll (2 in total).
 The hobgoblin wields a crude dagger!
 You kill the hobgoblin!
 The manes hits!
 The manes hits again!
 The manes bites!
 You hit the manes.
 You destroy the manes!
 F - a crude dagger.
 G - a cram ration.
 This cram ration is bland.
 You finish eating the cram ration.
 You see here a large box.
 In what direction? .
 Hmmm, the large box turns out to be locked.
 You see here 9 gold pieces.
 $ - 9 gold pieces (72 in total).
 You descend the stairs.
 You miss the floating eye.
 You are frozen by the floating eye's gaze!
 The giant ant bites!
 The giant ant bites!
 The giant ant bites!
 The giant ant bites!
 The giant ant bites!
 The giant ant bites!
 The giant ant bites!
 The giant ant bites!
 The giant ant bites!
 The giant ant bites!
 The giant ant bites!
 The giant ant bites!
 The giant ant bites!
 The giant ant bites!
 The giant ant bites!
 The giant ant bites!
 You die...
 Do you want your possessions identified? [ynq] (y) q

Inventory:
 Coins    ('$')
  $ - 72 gold pieces
 Amulets  ('"')
  r - an uncursed amulet of magical breathing
 Weapons  (')')
  F - a +0 orcish dagger
  a - a blessed +1 quarterstaff (weapon in hands)
 Armor    ('[')
  b - an uncursed +0 cloak of magic resistance (being worn)
 Comestibles  ('%')
  t - an uncursed tripe ration
 Scrolls  ('?')
  D - a blessed scroll of blank paper
  o - 2 uncursed scrolls of blank paper
  E - a cursed scroll of blank paper
  k - a blessed scroll of enchant armor
  i - 2 uncursed scrolls of identify
  x - an uncursed scroll of identify
  j - an uncursed scroll of scare monster
 Spellbooks  ('+')
  m - an uncursed spellbook of confuse monster
  l - a blessed spellbook of force bolt
 Potions  ('!')
  g - an uncursed potion of enlightenment
  h - an uncursed potion of healing
  s - an uncursed potion of levitation
  z - an uncursed potion of monster detection
  v - an uncursed potion of paralysis
  f - an uncursed potion of water
 Rings    ('=')
  e - an uncursed +1 ring of increase damage
  d - an uncursed ring of teleport control
 Wands    ('/')
  c - a wand of light (0:11)
 Tools    ('(')
  y - an uncursed blindfold
  n - a magic marker (0:22)
 Gems/Stones  ('*')
  C - an uncursed fluorite stone
  w - an uncursed worthless piece of orange glass
  q - an uncursed worthless piece of violet glass
  p - an uncursed worthless piece of yellowish brown glass
  A - 4 uncursed flint stones

Felix1 the Wizard's attributes:

Background:
 You were a Conjurer, a level 4 male gnomish Wizard.
 You were neutral, nominally on a mission for Thoth
 who was opposed by Ptah (lawful) and Anhur (chaotic).
 You were right-handed.
 You were in the Gnomish Mines, on level 5.
 You entered the dungeon 2181 turns ago.
 It was nighttime.
 You had 149 experience points, 11 more were needed to attain level 5.

Basics:
 You had 0 out of 38 hit points.
 You had 34 out of 35 energy points (spell power).
 Your armor class was 9.
 Your wallet contained 72 zorkmids.
 Autopickup was off.

Final Characteristics:
 Your strength was 13 (limit:18/50).
 Your dexterity was 11 (limit:18).
 Your constitution was 17 (limit:18).
 Your intelligence was 19 (limit:19).
 Your wisdom was 9 (limit:18).
 Your charisma was 10 (limit:18).

Final Status:
 You weren't hungry.
 You were unencumbered.
 You were wielding a quarterstaff.
 You had basic skill with quarterstaff.

Final Attributes:
 You were piously aligned.
 You were magic-protected.
 You were cold resistant.
 You saw invisible.
 You were telepathic.
 You had infravision.
 You were warded.
 You are dead.

Miscellaneous:
 You didn't encounter any bones levels.
 Total elapsed playing time was 33 minutes and 18 seconds.

Major events:
 Turn
    1: Felix1 the neutral male gnomish Wizard entered the dungeon
  700: attained the rank of Conjurer (level 3)
 2168: entered the Gnomish Mines
 2181: killed by a giant ant, while frozen by a floating eye's gaze

Spells:
 Name                 Level Category     Fail Retention
 force bolt             1   attack         0%   81%-90%
 confuse monster        1   enchantment    0%   81%-90%

Skills:
 Fighting Skills
   bare handed combat [Unskilled]
   riding             [Unskilled]
 Weapon Skills
   dagger             [Unskilled]
   knife              [Unskilled]
   axe                [Unskilled]
   short sword        [Unskilled]
   club               [Unskilled]
   mace               [Unskilled]
   quarterstaff       [Basic]
   polearms           [Unskilled]
   spear              [Unskilled]
   trident            [Unskilled]
   sling              [Unskilled]
   dart               [Unskilled]
   shuriken           [Unskilled]
 Spellcasting Skills
   attack spells      [Basic]
   healing spells     [Unskilled]
   divination spells  [Unskilled]
   enchantment spells [Basic]
   clerical spells    [Unskilled]
   escape spells      [Unskilled]
   matter spells      [Unskilled]

Voluntary challenges:
 Character rerolling was not enabled.
 You were an atheist.
 You never genocided any monsters.
 You never polymorphed an object.
 You never changed form.
 You used no wishes.
Achievements:
 You attained the rank of Conjurer.
 You entered a shop.
 You entered the Gnomish Mines.

 The Dungeons of Doom: levels 1 to 4
    Level 1:
       A sink.
    Level 2:
       A general store.
    Level 3:
       A weapon shop.
    Level 4:
       A grave.
       Stairs down to The Gnomish Mines.
 The Gnomish Mines:
    Level 5: <- You were here.
       Final resting place for
          you, killed by a giant ant, while frozen by a floating eye's gaze.


Vanquished creatures:
  a rock piercer
  a shrieker
  a paper golem
  2 floating eyes
  a kitten
  2 iguanas
  a hobbit
  a manes
  a large kobold
  a hobgoblin
  3 giant rats
  2 cave spiders
  a brown mold
  3 geckos
  7 jackals
  3 foxes
  2 goblins
  2 sewer rats
  7 grid bugs
  3 lichens
  4 kobold zombies
  2 newts
51 creatures vanquished.

No species were genocided or became extinct.

Game over:
                       ----------
                      /          \
                     /    REST    \
                    /      IN      \
                   /     PEACE      \
                  /                  \
                  |      Felix1      |
                  |      72 Au       |
                  |   killed by a    |
                  |    giant ant     |
                  |                  |
                  |                  |
                  |       2026       |
                 *|     *  *  *      | *
        _________)/\\_//(\/(/\)/\//\/|_)_______

Goodbye Felix1 the Wizard...

You died in The Gnomish Mines on dungeon level 5 with 861 points,
and 72 pieces of gold, after 2181 moves.
You were level 4 with a maximum of 38 hit points when you died.

